Map: [ESL] Inside and Out

Players

soO

  • Race: Zerg Zerg
  • Spawn Location: 7:00

Solar - Winner!

  • Race: Zerg Zerg
  • Spawn Location: 1:00

Event: TSL 9

VOD

Have the link to the VOD?

Description

Time

  • Played on: July 31, 2022, 6:23 a.m.
  • Length: 7:19

All games in this series

Show
View Real Time Build Order
Export as new Build Order

soO Zerg 

Build Orders: Hatch First 

Get SALT Encoding   

  12  0:01  Drone  
  13  0:12  Overlord  
  13  0:17  Drone  
  14  0:30  Drone x2  
  16  0:48  Hatchery  
  15  0:50  Drone  
  15  0:54  Drone  
  17  0:57  Drone  
  18  1:09  Extractor  
  17  1:12  Spawning Pool  
  17  1:15  Drone  
  17  1:19  Drone  
  18  1:27  Drone  
  19  1:59  Zergling x2  
  19  2:00  Zergling x4, Queen  
  19  2:01  Zergling x2  
  27  2:11  Overlord  
  27  2:19  Drone  
  27  2:21  Drone  
  24  2:42  Hatchery  
  23  2:50  Metabolic Boost  
  23  2:54  Drone  
  23  2:58  Drone  
  23  3:06  Drone x2  
  25  3:19  Drone  
  25  3:20  Drone  
  26  3:28  Hatchery  
  26  3:30  Drone  
  26  3:33  Drone  
  27  3:39  Drone x2  
  29  3:43  Evolution Chamber  
  29  3:48  Drone  
  29  3:51  Drone  
  29  3:55  Drone x2  
  32  4:03  Overlord  
  32  4:06  Overlord  
  32  4:12  Zerg Ground Armor Level 1  
  32  4:21  Queen  
  32  4:23  Drone x2  
  36  4:24  Drone  
  36  4:27  Drone  
  36  4:30  Drone  
  39  4:35  Drone  
  39  4:37  Queen  
  42  4:40  Overlord  
  42  4:47  Zergling x2, Roach Warren  
  42  4:50  Drone  
  42  4:51  Zergling x2  
  44  4:54  Zergling x4  
  44  4:56  Zergling x2  
  47  5:01  Zergling x6  
  47  5:05  Zergling x4  
  52  5:14  Zergling x10  
  57  5:19  Overlord  
  57  5:22  Overlord  
  57  5:25  Overlord  
  57  5:35  Overlord x2  
  58  5:43  Roach x5  
  65  5:51  Zergling x14  
  65  5:56  Overlord  
  72  6:06  Zergling x6, Ravager x2  
  72  6:08  Zergling x4  
  72  6:09  Zergling x4  
  81  6:12  Zergling x2  
  82  6:21  Zergling x14, Ravager  
  82  6:23  Zergling x2  
  91  6:29  Zergling x4  
  93  6:37  Zergling x4  
  95  6:45  Zergling x12  
  92  6:51  Zergling x2  
  92  6:52  Zergling x4  
  91  7:00  Zergling x6  
Show
View Real Time Build Order
Export as new Build Order

Solar Zerg - Winner!

Build Orders: Pool First 

Get SALT Encoding   

  12  0:17  Spawning Pool  
  11  0:21  Drone  
  11  0:25  Drone  
  13  0:29  Drone  
  14  0:39  Overlord  
  14  1:03  Zergling x4  
  16  1:05  Zergling x2  
  17  1:15  Zergling x2  
  17  1:17  Hatchery  
  17  1:26  Zergling x2  
  17  1:32  Queen  
  20  1:37  Zergling x2  
  21  1:47  Overlord  
  21  2:00  Drone  
  22  2:07  Queen  
  24  2:09  Drone  
  25  2:20  Drone  
  21  2:30  Queen, Drone  
  21  2:31  Drone  
  25  2:38  Extractor  
  25  2:39  Drone x2  
  25  2:40  Drone  
  25  2:44  Drone  
  28  2:46  Drone  
  30  2:51  Drone  
  30  2:54  Drone  
  30  3:04  Drone  
  30  3:06  Drone  
  31  3:14  Drone  
  31  3:15  Drone x2  
  31  3:16  Drone  
  35  3:22  Overlord  
  36  3:27  Drone  
  36  3:28  Evolution Chamber  
  35  3:35  Drone, Roach Warren  
  35  3:40  Drone  
  35  3:41  Drone  
  37  3:42  Drone x2  
  39  3:49  Lair  
  39  3:50  Drone  
  40  3:56  Extractor  
  40  3:58  Drone, Extractor  
  40  3:59  Evolution Chamber  
  40  4:01  Overlord  
  38  4:04  Drone  
  38  4:07  Drone x2  
  41  4:10  Drone  
  41  4:11  Drone  
  41  4:15  Zerg Missile Weapons Level 1  
  43  4:17  Drone  
  43  4:21  Drone x3  
  43  4:23  Drone  
  49  4:26  Overlord  
  49  4:39  Hatchery  
  49  4:41  Roach  
  49  4:43  Roach  
  49  4:45  Roach  
  54  4:48  Glial Reconstitution  
  54  4:50  Overseer  
  54  4:53  Overlord  
  54  4:57  Overlord  
  54  4:59  Roach  
  56  5:03  Roach  
  56  5:04  Roach  
  60  5:07  Overlord  
  60  5:12  Roach  
  60  5:13  Roach  
  64  5:16  Roach  
  64  5:17  Roach  
  64  5:19  Roach  
  70  5:23  Roach  
  70  5:27  Roach x2  
  76  5:32  Roach x2  
  80  5:36  Overlord  
  80  5:39  Roach x2  
  84  5:48  Overlord  
  84  5:52  Roach x3  
  90  5:57  Extractor  
  90  6:00  Roach x2  
  90  6:01  Roach x2  
  90  6:03  Overlord  
  97  6:05  Overseer  
  97  6:12  Overlord  
  97  6:14  Overlord  
  97  6:18  Drone  
  98  6:24  Roach  
  100  6:27  Roach  
  100  6:30  Roach  
  100  6:31  Overlord  
  106  6:33  Roach  
  106  6:35  Roach  
  106  6:39  Roach  
  110  6:42  Roach  
  108  6:48  Roach x2  
  108  6:50  Roach  
  108  6:51  Roach  
  110  6:55  Roach x2  
  110  6:58  Roach  
  110  7:00  Roach  
Tags
 
Add a new tag
Caveats
  • Supply blocks, unpowered buildings, or Contaminate may cause inaccurate times.
  • Supply counts are checked every 10 seconds.